 Dungeon Crawl Stone Soup version 0.27-a0-1301-g128193abf8 (webtiles) character file.

Game seed: 9419398297285829323

262 Johnny the Magician (level 5, -4/33 HPs)
             Began as a Deep Elf Earth Elementalist on June 17, 2021.
             Slain by Robin (15 damage)
             ... on level 4 of the Dungeon.
             The game lasted 00:03:15 (4991 turns).

Johnny the Magician (Deep Elf Earth Elementalist)   Turns: 4991, Time: 00:03:16

Health: -4/33      AC:  7    Str:  5    XL:     5   Next: 97%
Magic:  14/14      EV:  9    Int: 21    God:
Gold:   100        SH:  0    Dex: 15    Spells: 13/14 levels left

rFire    . . .     SeeInvis .   e - +2 whip (venom)
rCold    . . .     Faith    .   (no shield)
rNeg     . . .     Spirit   .   f - +0 ring mail
rPois    .         Reflect  .   l - +0 helmet
rElec    .         Harm     .   k - +0 cloak
rCorr    .         Rampage  .   (no gloves)
Will     .....                  (no boots)
Stlth    +.........             (no amulet)
HPRegen  0.11/turn              (no ring)
MPRegen  0.14/turn              (no ring)

@: no status effects
A: no striking features
a: no special abilities


You were on level 4 of the Dungeon.
You visited 1 branch of the dungeon, and saw 4 of its levels.

You collected 100 gold pieces.

Inventory:

Hand Weapons
 e - a +2 whip of venom (weapon)
 n - a +2 dagger of freezing
Missiles
 c - 70 stones
 m - a curare-tipped dart
Armour
 b - a +0 robe
 f - a +0 ring mail (worn)
 k - a +0 cloak (worn)
 l - a +0 helmet (worn)
 o - a +0 buckler
Scrolls
 d - a scroll of acquirement {unknown}
 h - a scroll of teleportation {unknown}
 p - a scroll of blinking {unknown}
Potions
 a - 2 potions of curing {unknown}
 g - a potion of ambrosia {unknown}
 i - a potion of haste {unknown}
 j - a potion of cancellation {unknown}
 q - a potion of berserk rage {unknown}


   Skills:
 * Level 3.9 Fighting
 - Level 2.4 Dodging
 - Level 2.4 Stealth
 + Level 0.3 Shields
 + Level 5.2 Spellcasting
 - Level 1.1 Transmutations
 - Level 3.2 Earth Magic


You had 13 spell levels left.
You knew the following spells:

 Your Spells              Type           Power      Damage    Failure   Level
a - Sandblast             Erth           38%        2d10      13%         1

Your spell library contained the following spells:

 Spells                   Type           Power      Damage    Failure   Level
 Passwall                 Tmut/Erth      11%        N/A       30%         2
 Animate Skeleton         Necr           10%        N/A       45%         1
 Pain                     Necr           20%        1d5       45%         1
 Stone Arrow              Conj/Erth      24%        3d8       61%         3
 Vampiric Draining        Necr           2%         2d6       83%         3
 Petrify                  Tmut/Erth      14%        N/A       90%         4
 Lee's Rapid Deconstruct  Erth           9%         3d8*      98%         5
 Animate Dead             Necr           2%         N/A       99%         4
 Agony                    Necr           5%         N/A       100%        5


Dungeon Overview and Level Annotations

Branches:
Dungeon (4/15)
 Temple: D:4-7

Altars:

Shops:
D:1 :   D:3 (

Annotations:
D:4 Pikel, Robin


Message History

Aiming: Sandblast (safe; 13% risk of failure)
Press: ? - help, Shift-Dir - straight line, f - adder
Aim: an adder (66% to hit)
The blast of sand hits the adder!
The adder is severely wounded.
The adder bites you.
You are poisoned.
The adder poisons you!
Casting: Sandblast (safe; 13% risk of failure)
Confirm with . or Enter, or press ? or * to list all spells.
Aiming: Sandblast (safe; 13% risk of failure)
Press: ? - help, Shift-Dir - straight line, f/p - adder
Aim: an adder (severely wounded, 66% to hit)
The blast of sand hits the adder.
You kill the adder!
You feel sick.
Casting: Sandblast (safe; 13% risk of failure)
Confirm with . or Enter, or press ? or * to list all spells.
You can't see any susceptible monsters within range! (Use Z to cast anyway.)
You start resting.
You feel sick. x3
Your magical contamination has completely faded away.
You start resting.
You feel sick. x3
You are no longer poisoned.
You start resting.
Robin is nearby!
Robin is nearby!
You aren't carrying any items that you can evoke.
Unknown command.
A lemure and Pikel come into view.
Pikel is wielding a +0 whip of flaming.
Pikel says, "You'll feel the lick of my whip!"
A kobold comes into view. It is wielding a +1 dagger of draining.
The kobold shouts!
The kobold reads a scroll.
Wisps of shadow swirl around the kobold.
Items here: ))) ††.
Okay, then.
There is a stone staircase leading up, spattered with blood here.
Robin hits you with a +0 whip of electrocution.
You are electrocuted!
You die...

#.....K..5....................
#.....z..w...........####....
##...............###..####...#
#....o5####....#####....#...##
##...z.z# #...## #..#.....##
#.....z.# ##.## ##.####..##
.......z#####.# #..# ##.#
###....zK.....## ##.## #.#
##..####o5.g@###..# #.#### ##.
##..z..#..## ##...## #.
##........# ##...... #.
.##........######..###..
...........[..##.........
.........................
............###...####...
#..........## #...# ##..
##.........# ##..## ##..


You could see Pikel, a lemure, 3 wights, Robin, a dart slug (summoned) and an
orc (summoned).

Vanquished Creatures
  A kobold brigand (D:4)
  An orc priest (D:3)
  An orc wizard (D:3)
  A hound skeleton (D:2)
  4 adders
  4 worms
  A dart slug (D:1)
  7 orcs
  5 endoplasms
  2 giant cockroaches (D:1)
  10 goblins
  5 hobgoblins
  2 jackals (D:2)
  7 kobolds
  4 quokkas
  3 ball pythons
  6 bats
  2 frilled lizards (D:1)
  6 rats
72 creatures vanquished.

Notes
Turn   | Place    | Note
-------+----------+-------------------------------------------
     0 | D:1      | Johnny the Deep Elf Earth Elementalist began the quest for
                  | the Orb.
     0 | D:1      | Reached XP level 1. HP: 10/10 MP: 6/6
   274 | D:1      | Reached skill level 1 in Fighting
   479 | D:1      | Reached XP level 2. HP: 11/16 MP: 8/8
   819 | D:1      | Found Axiyck's Book Shoppe.
  1463 | D:2      | Found a faded altar of an unknown god.
  1637 | D:2      | Reached XP level 3. HP: 9/21 MP: 10/10
  2514 | D:2      | Reached skill level 4 in Spellcasting
  2655 | D:2      | Reached XP level 4. HP: 14/27 MP: 9/12
  2864 | D:2      | You fall into a shaft and drop 1 floor!
  3280 | D:3      | Found Kakho Vygit's Antique Weapon Shoppe.
  3820 | D:3      | Reached XP level 5. HP: 32/32 MP: 11/14
  4224 | D:4      | Reached skill level 5 in Spellcasting
  4654 | D:4      | Noticed Robin
  4968 | D:4      | Noticed Pikel
  4968 | D:4      | Noticed a lemure
  4991 | D:4      | Slain by Robin

Illustrated notes

Levels and vault maps discovered:
D:1:      tarquinn_simple_flora_water_b, layout_basic, serial_shops, shop,
          minmay_misc_feat_five, minmay_domino_4
D:2:      layout_basic, shapermc_ecumenical_altar_totnotflames
D:3:      layout_loops_ring, serial_shops, nicolae_shop_statue_plus
D:4:      layout_layer_cave, temple_doors_e, uniq_menkaure, uniq_edmund,
          uniq_robin, uniq_pikel

Skill      XL: |  1  2  3  4  5 |
---------------+----------------+-----
Fighting       | 1 2 3 |  3.9
Spellcasting   | 4 5 |  5.2
Dodging        | |  2.4
Stealth        | |  2.4
Shields        | |  0.3
Transmutations | |  1.1
Earth Magic    | |  3.2

Action                   |  1- 3 |  4- 6 || total
-------------------------+-------+-------++-------
Melee: Whip              |    69 |    59 ||   128
       Unarmed           |     1 |       ||     1
 Cast: Sandblast         |    12 |    40 ||    52
 Stab: Sleeping          |     5 |     3 ||     8
Armor: Ring mail         |    29 |    41 ||    70
       Robe              |     1 |       ||     1
Dodge: Dodged            |    32 |    43 ||    75

Table legend: (Time is in decaauts)
 A = Elapsed time spent in this place.
 B = Non-inter-level travel time spent in this place.
 C = Inter-level travel time spent in this place.
 D = Time resting spent in this place.
 E = Time spent auto-exploring this place.
 F = Levels seen in this place.
 G = Mean time per level.
                   A        B        C        D        E       F      G
               +--------+--------+--------+--------+--------+-----+--------+
         Total |   5006 |   4897 |    109 |    631 |   3663 |   4 | 1251.5 |
       Dungeon |   5006 |   4897 |    109 |    631 |   3663 |   4 | 1251.5 |
               +--------+--------+--------+--------+--------+-----+--------+

Top non-repeatable levels by time:
     D:2: 1651 daAuts
     D:1: 1384 daAuts
     D:3: 1356 daAuts
     D:4: 614 daAuts
